 Dungeon Crawl Stone Soup version 0.19.1 (webtiles) character file.

114 Ponchio the Magician (level 4, 0/24 HPs)
             Began as a Deep Elf Fire Elementalist on Nov 28, 2016.
             Was a Follower of Vehumet.
             Killed from afar by Vesto's ghost (7 damage)
             ... with a puff of flame
             ... on level 4 of the Dungeon.
             The game lasted 00:11:04 (2928 turns).

Ponchio the Magician (Deep Elf Fire Elementalist)   Turns: 2928, Time: 00:11:05

Health: 0/24       AC:  4    Str:  4 (5)  XL:     4   Next: 66%
Magic:  14/14      EV: 13    Int: 20 (21) God:    Vehumet [*.....]
Gold:   134        SH:  0    Dex: 14 (15) Spells: 2 memorised, 13 levels left

rFire  . . .     SeeInvis .     f - +1 dagger (elec)
rCold  . . .     Gourm    .     a - +0 robe
rNeg   . . .     Faith    .     (no shield)
rPois  .         Spirit   .     i - +0 helmet
rElec  .         Reflect  .     (no cloak)
rCorr  .         Harm     .     (no gloves)
MR     .....                    p - +0 pair of boots
Stlth  ++........               (no amulet)
                                (no ring)
                                (no ring)

@: no status effects
A: no striking features
a: Renounce Religion


You were on level 4 of the Dungeon.
You worshipped Vehumet.
Vehumet was aware of your devotion.
You were not hungry.

You visited 1 branch of the dungeon, and saw 4 of its levels.

You collected 134 gold pieces.

Inventory:

Hand Weapons
 f - a +1 dagger of electrocution (weapon)
Armour
 a - a +0 robe (worn)
 i - a +0 helmet (worn)
 p - a +0 pair of boots (worn)
Jewellery
 n - an uncursed ring of ice {unknown}
Wands
 v - a wand of lightning (8/15)
Scrolls
 d - 3 scrolls of remove curse {unknown}
 e - 2 scrolls of identify {unknown}
 h - 2 scrolls of immolation {unknown}
 s - 2 scrolls of enchant armour {unknown}
 t - a scroll of magic mapping {unknown}
Potions
 o - a potion of degeneration
 q - a potion of heal wounds {unknown}
 r - a potion of flight {unknown}
 u - a potion of berserk rage {unknown}
Books
 b - a book of Flames

   Spells                             Type                      Level
   a - Flame Tongue                   Conjuration/Fire             1
   b - Throw Flame                    Conjuration/Fire             2
   c - Conjure Flame                  Conjuration/Fire             3
   d - Inner Flame                    Hexes/Fire                   3
   e - Sticky Flame                   Conjuration/Fire             4
   f - Fireball                       Conjuration/Fire             5
Comestibles
 c - 3 bread rations
 k - a meat ration
 l - 3 slices of pizza
 m - a beef jerky


   Skills:
 - Level 2.4 Dodging
 - Level 2.4 Stealth
 + Level 6.7 Spellcasting
 - Level 1.1 Conjurations
 - Level 3.2 Fire Magic


You had 13 spell levels left.
You knew the following spells:

 Your Spells              Type           Power        Failure   Level  Hunger
a - Flame Tongue          Conj/Fire      ###..        4%          1    None
b - Throw Flame           Conj/Fire      ###...       10%         2    None


Dungeon Overview and Level Annotations

Branches:
Dungeon (4/15)             Temple (0/1) D:4

Altars:
Dithmenos
Fedhas
Vehumet
The Shining One

Shops:
D:4 ?

Annotations:
D:4 Vesto's ghost, amateur DEFE


Message History

Eating a chunk of flesh.
You start eating the chunk of flesh.
You are feeling hungry.
This raw flesh tastes terrible.
You start resting.
Your magical contamination has completely faded away.
You start resting.
There is an open door here.
There is an open door here.
Found a stone staircase leading down.
Vesto's ghost wails, "To die, to sleep, no more."
Found Jariluov's Magic Scroll Boutique.
There is an entrance to Jariluov's Magic Scroll Boutique here.
Vesto's ghost points at you and mumbles some strange words.
The puff of flame hits you!
Vesto's ghost gestures at you while chanting.
The puff of flame hits you!
* * * LOW HITPOINT WARNING * * *
Vesto's ghost points at you and mumbles some strange words.
The puff of flame hits you!
You die...

##.#### ##.....## ###.#.##
#...# ##...## ####.#.##
#...# ##'## #......##
#...# #.# #.##.####
##.####### #.# #.##.####
#........# ##.## #.##.....
#..#####.#
##...#######.#######
#.....##.# #.........##.#
#.###.##.#####.@.####.##.#
#.###...............#.##.#
#........######..........#
########## #.##########
#.# #W# #.# #.# #.###


You could see Vesto's ghost.

Vanquished Creatures
  A worker ant (D:4)
  4 adders
  An adder skeleton (D:4)
  2 worms
  A dart slug (D:2)
  5 leopard geckos
  A ball python (D:2)
  3 giant cockroaches
  4 goblins
  4 hobgoblins
  3 bats (D:2)
  2 frilled lizards
  7 kobolds
  A rat (D:2)
39 creatures vanquished.

Notes
Turn   | Place    | Note
-------+----------+-------------------------------------------
     0 | D:1      | Ponchio the Deep Elf Fire Elementalist began the quest for the Orb.
     0 | D:1      | Reached XP level 1. HP: 10/10 MP: 6/6
   205 | D:1      | Reached XP level 2. HP: 15/15 MP: 4/8
   274 | D:1      | Reached skill level 4 in Spellcasting
   803 | D:2      | Found a shadowy altar of Dithmenos.
   806 | D:2      | Found a radiant altar of Vehumet.
   814 | D:2      | Became a worshipper of Vehumet
   820 | D:2      | Found a glowing golden altar of the Shining One.
   834 | D:2      | Found a blossoming altar of Fedhas.
   950 | D:2      | Reached skill level 5 in Spellcasting
   950 | D:2      | Reached XP level 3. HP: 19/19 MP: 4/11
  1411 | D:3      | Found a faded altar of an unknown god.
  1455 | D:3      | Learned a level 2 spell: Throw Flame
  1925 | D:3      | Reached skill level 6 in Spellcasting
  1925 | D:3      | Reached XP level 4. HP: 22/24 MP: 9/14
  2283 | D:4      | Found a staircase to the Ecumenical Temple.
  2492 | D:4      | Noticed Vesto's ghost (amateur DEFE)
  2640 | D:4      | Reached * piety under Vehumet
  2640 | D:4      | Offered knowledge of Sting by Vehumet.
  2900 | D:4      | Found Jariluov's Magic Scroll Boutique.
  2928 | D:4      | Killed from afar by Vesto's ghost

Skill      XL: |  1  2  3 |
---------------+----------+-----
Spellcasting   | 5 6 |  6.7
Dodging        | |  2.4
Stealth        | |  2.4
Conjurations   | |  1.1
Fire Magic     | |  3.2

Action                   |  1- 3 |  4- 6 || total
-------------------------+-------+-------++-------
Melee: Dagger            |     5 |    18 ||    23
 Cast: Flame Tongue      |    61 |    13 ||    74
  Use: Potion            |       |     3 ||     3
 Stab: Sleeping          |     2 |       ||     2
  Eat: Chunk             |     2 |     2 ||     4
       Royal jelly       |       |     1 ||     1
Armor: Robe              |     3 |     3 ||     6
       Skin              |       |     4 ||     4
Dodge: Dodged            |    12 |    18 ||    30
